 Dungeon Crawl Stone Soup version 0.28.0 (webtiles) character file.

Game seed: 8118279604730635591

5409 ProzacElf the Magus (level 10, -3/74 HPs)
             Began as a Vampire Brigand on Feb 10, 2022.
             Was an Elder of Nemelex Xobeh.
             Slain by a two-headed ogre (17 damage)
             ... on level 8 of the Dungeon on Feb 11, 2022.
             The game lasted 00:26:34 (8363 turns).

ProzacElf the Magus (Vampire Brigand)               Turns: 8363, Time: 00:26:35

Health: -3/74      AC: 10    Str: 14    XL:     10   Next: 40%
Magic:  26/26      EV: 13    Int: 15    God:    Nemelex Xobeh [****..]
Gold:   459        SH:  0    Dex: 15    Spells: 9/9 levels left

rFire   + . .      SeeInvis +   a - +3 demon trident (flame)
rCold   . . .      Faith    .   (no shield)
rNeg    . . .      Spirit   .   l - +0 leather armour
rPois   .          Reflect  .   Z - +1 hat of the Vaults {Rampage MP+9}
rElec   .          Harm     .   c - +1 cloak
rCorr   .          Rampage  +   (no gloves)
Will    +....                   (no boots)
Stlth   +++.......              F - amulet of magic regeneration
HPRegen 0.42/turn               K - ring of protection from fire
MPRegen 0.60/turn               y - +4 ring of protection

@: healing quickly
A: alive, fangs 3, see invisible, vampiric 2
a: Exsanguinate, Renounce Religion, Draw Escape, Draw Destruction, Draw
Summoning, Triple Draw, Deal Four


You were on level 8 of the Dungeon.
You worshipped Nemelex Xobeh.
Nemelex Xobeh was greatly pleased with you.
You visited 2 branches of the dungeon, and saw 9 of its levels.
You also visited: Sewer.

You collected 459 gold pieces.

Inventory:

Hand Weapons
 a - a +3 demon trident of flaming (weapon)
 b - a +2 short sword of draining
 f - a +0 short sword
 h - a +0 spear
 r - a +0 war axe
 u - a +0 hand crossbow
 O - the +5 war axe of Inference {spect, +Blink rPois rF-}
   (You found it on level 5 of the Dungeon)

   When its wielder attacks, the weapon's spirit leaps out and strikes again.
   The spirit shares a part of any damage it takes with its wielder.
   rF:        It makes you vulnerable to fire.
   rPois:     It protects you from poison.
   +Blink:    It lets you blink.
 Q - a +4 quarterstaff of chaos
 X - a +3 dagger of flaming
Missiles
 d - 16 poisoned darts (quivered)
 e - 3 curare-tipped darts
 k - 35 bolts
 m - 105 arrows
 w - 145 stones
 V - a throwing net
 W - 5 atropa-tipped darts
Armour
 c - a +1 cloak (worn)
 i - a +0 robe
 l - a +0 leather armour (worn)
 o - a +0 scale mail
 q - a +0 helmet
 s - a scarf of harm
 L - a +0 plate armour
 Z - the +1 hat of the Vaults (worn) {Rampage MP+9}
   (You acquired it on level 8 of the Dungeon)

   MP:        It affects your magic capacity (+9).
   Rampage:   It bestows one free step when moving towards enemies.
Magical Staves
 x - a staff of poison
Jewellery
 p - a ring of wizardry
 y - a +4 ring of protection (right hand)
 B - the ring "Hoik" {Fire rN+ Dex+4}
   (You found it on level 3 of the Dungeon)

   [ring of fire]

   It enhances your fire magic.
   Dex:       It affects your dexterity (+4).
   rF:        It protects you from fire.
   rC:        It makes you vulnerable to cold.
   rN:        It protects you from negative energy.
 F - an amulet of magic regeneration (around neck)
 K - a ring of protection from fire (left hand)
 S - a ring of fire
Wands
 M - a wand of paralysis (8)
 Y - a wand of iceblast (24)
Scrolls
 g - 2 scrolls of blinking
 j - a scroll of fear
 n - 3 scrolls of teleportation
 v - a scroll of magic mapping {unknown}
 C - 2 scrolls of enchant armour
 I - 2 scrolls of immolation {unknown}
 J - a scroll of fog {unknown}
 T - a scroll of enchant weapon
Potions
 t - a potion of brilliance
 z - a potion of magic
 A - a potion of cancellation
 D - 2 potions of resistance
 E - a potion of invisibility
 G - 3 potions of heal wounds {unknown}
 H - 3 potions of might
 N - a potion of ambrosia {!e}
 P - 4 potions of curing
 R - 2 potions of flight {unknown}
 U - a potion of mutation


   Skills:
 - Level 5.0 Fighting
 - Level 2.1 Short Blades
 + Level 3.5 Polearms
 - Level 1.5 Throwing
 - Level 5.0 Dodging
 - Level 6.0 Stealth
 - Level 10.0 Invocations
 - Level 7.0 Evocations


You had 9 spell levels left.
You didn't know any spells.
Your spell library was empty.

Dungeon Overview and Level Annotations

Branches:
Dungeon (8/15)             Temple (1/1) D:6           Sewer (visited)
   Lair: D:8-11

Altars:
Ashenzari
Cheibriados
Dithmenos
Elyvilon
Fedhas
Gozag
Hepliaklqana
Kikubaaqudgha
Makhleb
Nemelex Xobeh
Okawaru
Qazlal
Ru
Sif Muna
Trog
Uskayaw
Vehumet
Wu Jian
Xom
Yredelemnul
Zin
The Shining One

Shops:
D:3 *


Innate Abilities, Weirdness & Mutations

Your natural rate of healing is accelerated.
You have razor-sharp teeth.
You have supernaturally acute eyesight. (SInv)
You are afflicted with vampirism and can become a bat while bloodless.


Message History

Tha yak be severely wounded.
Tha yak gores ye!
Ye take 8 damage, an' haf 41/74 hp.
Ye hit tha yak but do nay damage.
Tha yak be severely wounded.
Tha yak barely misses ye.
Ye puncture tha yak!
Ye burn tha yak.
Ye kill tha yak!
Nay target in view!
Ye start restin'.
A two-headed ogre comes inta view.
It be wieldin' two +0 giant clubs.
Ye regain'd 25 hp, an' now haf 67/74 hp.
Tha two-headed ogre shouts in stereo!
Ye see 'ere a yak corpse.
Ye rampage towards tha two-headed ogre!
Tha two-headed ogre hits ye wit' a +0 giant club.
Tha two-headed ogre hits ye wit' a +0 giant club!!
Ye take 23 damage, an' haf 45/74 hp.
MASSIVE DAMAGE!!
Ye puncture tha two-headed ogre!
Ye burn tha two-headed ogre.
Tha two-headed ogre be moderately wounded.
Tha two-headed ogre barely misses ye. x2
Ye hit tha two-headed ogre.
Ye burn tha two-headed ogre.
Tha two-headed ogre be moderately wounded.
Ye puncture tha two-headed ogre!
Ye burn tha two-headed ogre.
Ye bite tha two-headed ogre.
Tha two-headed ogre be heavily wounded.
Tha two-headed ogre hits ye wit' a +0 giant club!!
Tha two-headed ogre closely misses ye.
Ye take 20 damage, an' haf 26/74 hp.
MASSIVE DAMAGE!!
Ye be too injured ta fight recklessly!
Ye be too injured ta fight recklessly!
Ye be too injured ta fight recklessly!
Ye be too injured ta fight recklessly!
Ye puncture tha two-headed ogre!
Ye burn tha two-headed ogre.
Tha two-headed ogre be severely wounded.
Tha two-headed ogre hits ye wit' a +0 giant club!
* * * LOW HITPOINT WARNIN'
* * * Tha two-headed ogre hits ye wit' a +0 giant club!
Ye die...
Yer body glows wit' a rainbow o' weird colours an' disappears.

...............#....
........)....?.............
......##†..†..##..........
.......#..)..###.............
........##).###..............
.......###.## ##.............
...........# #.......#.......
...........# ##..O....#...# ># .
...........###..@....##...##.# ..
.................>........##.##..
...............##.##.............
....##...#.##††##..##...[......#
...###...####.<#...#...........#
#...#....# #..###..............#
##.......# #... #.........#....##
.##.....## #..###...............#
..#......###...#..........##.##..


You could see a two-headed ogre.

Vanquished Creatures
  Joseph (D:8)
  A wind drake (D:7)
  Prince Ribbit (D:7)
  Grinder (Sewer)
  Sigmund (D:3)
  2 wyverns
  17 yaks
  An ice beast (D:5)
  An ogre (D:4)
  A necrophage (D:4)
  A black bear (D:5)
  A centaur (D:8)
  A bullfrog (D:8)
  2 kobold brigands (Sewer)
  A wyvern zombie (D:6)
  2 scorpions
  A howler monkey (D:8)
  A centaur zombie (D:5)
  2 hounds
  A quasit (Sewer)
  A jelly (D:4)
  Crazy Yiuf (D:5)
  2 gnoll shamans
  4 iguanas
  Jessica (D:3)
  An orc wizard (D:4)
  9 adders
  11 gnolls
  A river rat (D:4)
  4 shadow imps (Sewer)
  A white imp (D:6)
  5 ufetubi
  7 worms
  2 dart slugs
  10 orcs
  12 ball pythons
  4 bats
  5 endoplasms
  5 giant cockroaches
  3 goblins
  6 hobgoblins
  5 jackals
  15 kobolds
  3 quokkas
  3 frilled lizards
  8 rats
169 creatures vanquished.

Vanquished Creatures (others)
  A bat zombie (Sewer)
1 creature vanquished.

Grand Total: 170 creatures vanquished

Notes
Turn   | Place    | Note
-------+----------+-------------------------------------------
     0 | D:1      | ProzacElf the Vampire Brigand began the quest for the Orb.
     0 | D:1      | Reached XP level 1. HP: 16/16 MP: 1/1
   262 | D:1      | Found a faded altar of an unknown god.
   282 | D:1      | Prayed at the altar of an unknown god.
   282 | D:1      | Became a worshipper of Nemelex Xobeh the Trickster
   282 | D:1      | Reached * piety under Nemelex Xobeh
   329 | D:1      | Received a gift from Nemelex Xobeh
   396 | D:1      | Reached XP level 2. HP: 22/22 MP: 2/2
   945 | D:2      | Reached skill level 1 in Invocations
  1047 | D:2      | Gained mutation: You are afflicted with vampirism and can
                  | become a bat while bloodless. [Vampire growth]
  1047 | D:2      | Reached XP level 3. HP: 23/27 MP: 2/4
  1238 | D:2      | Reached ** piety under Nemelex Xobeh
  1473 | D:2      | Reached skill level 2 in Invocations
  1473 | D:2      | Reached XP level 4. HP: 33/33 MP: 5/5
  1684 | D:3      | Noticed Sigmund
  1684 | D:3      | Found Koicahug's Assorted Antiques.
  1688 | D:3      | Killed Sigmund
  1689 | D:3      | Reached skill level 3 in Invocations
  1689 | D:3      | Reached XP level 5. HP: 38/38 MP: 5/7
  1733 | D:3      | Identified the ring "Hoik" {Fire rN+ Dex+4}
  1894 | D:3      | Noticed Jessica
  1901 | D:3      | Killed Jessica
  1902 | D:3      | Reached XP level 6. HP: 44/44 MP: 8/8
  2076 | D:4      | Received a gift from Nemelex Xobeh
  2101 | D:4      | Found a glowing drain.
  2115 | Sewer    | Entered a sewer
  2245 | Sewer    | Reached skill level 5 in Dodging
  2274 | Sewer    | Reached skill level 4 in Invocations
  2280 | Sewer    | Found a burning altar of Makhleb.
  2369 | Sewer    | Noticed Grinder
  2381 | Sewer    | Paralysed by Grinder for 5 turns
  2390 | Sewer    | Paralysed by Grinder for 2 turns
  2405 | Sewer    | Killed Grinder
  2406 | Sewer    | Reached skill level 5 in Invocations
  2406 | Sewer    | Reached XP level 7. HP: 47/49 MP: 9/11
  2549 | Sewer    | Reached skill level 6 in Invocations
  2879 | D:4      | Reached *** piety under Nemelex Xobeh
  3270 | D:4      | Received a gift from Nemelex Xobeh
  3316 | D:5      | Entered Level 5 of the Dungeon
  3321 | D:5      | Reached skill level 7 in Invocations
  3407 | D:5      | Found a runed translucent door.
  3408 | D:5      | Noticed Crazy Yiuf
  3694 | D:5      | Received a gift from Nemelex Xobeh
  3698 | D:5      | Identified the +5 war axe of Inference {spect, +Blink rPois
                  | rF-}
  3716 | D:5      | Reached XP level 8. HP: 55/55 MP: 13/13
  3737 | D:5      | Found an opulent altar of Gozag.
  3867 | D:5      | Reached skill level 1 in Evocations
  3930 | D:5      | Reached **** piety under Nemelex Xobeh
  4346 | D:5      | Killed Crazy Yiuf
  4376 | D:6      | Found a staircase to the Ecumenical Temple.
  4382 | Temple   | Entered the Ecumenical Temple
  4751 | D:5      | Reached skill level 8 in Invocations
  4916 | D:4      | Reached skill level 5 in Evocations
  5012 | D:4      | Reached XP level 9. HP: 52/61 MP: 15/15
  5932 | D:6      | Received a gift from Nemelex Xobeh
  5961 | D:6      | Reached skill level 9 in Invocations
  6884 | D:6      | Received a gift from Nemelex Xobeh
  7085 | D:7      | Noticed Harold
  7090 | D:7      | Noticed Harold
  7090 | D:7      | Harold changed into Harold the wind drake
  7099 | D:7      | Killed Harold the wind drake
  7496 | D:7      | Found a burning altar of Makhleb.
  7496 | D:7      | Found an ornate altar of the Wu Jian Council.
  7498 | D:7      | Found a basalt altar of Yredelemnul.
  7512 | D:7      | Reached ***** piety under Nemelex Xobeh
  7515 | D:7      | Noticed Prince Ribbit
  7569 | D:7      | Killed Prince Ribbit
  7570 | D:7      | Reached XP level 10. HP: 63/71 MP: 17/17
  7725 | D:7      | Identified a scroll of acquirement
  7726 | D:7      | Acquired a +3 demon trident of flaming
  7905 | D:8      | Found an iron altar of Okawaru.
  7908 | D:8      | Acquired the +1 hat of the Vaults {Rampage MP+9}
  7995 | D:8      | Received a gift from Nemelex Xobeh
  8016 | D:8      | Noticed Joseph
  8067 | D:8      | Killed Joseph
  8068 | D:8      | Reached skill level 1 in Polearms
  8214 | D:7      | Reached skill level 10 in Invocations
  8291 | D:8      | Reached skill level 5 in Fighting
  8356 | D:8      | Noticed a two-headed ogre
  8363 | D:8      | Slain by a two-headed ogre

Illustrated notes

Levels and vault maps discovered:
D:1:      dpeg_arrival_tiny_k, layout_basic, chequers_ecumenical_altar_island
D:2:      layout_loops_cross, minmay_liquid_box, minmay_tall_x
D:3:      layout_rooms, serial_shops, nicolae_shop_crystal, uniq_sigmund,
          uniq_jessica
D:4:      layout_cave_pools, portal_sewer_entry_b
D:5:      layout_gridville, nicolae_gozag_cash_rules_everything_around_me,
          uniq_crazy_yiuf_cottage
D:6:      layout_layer_cave, minmay_temple_entry_mist
D:7:      layout_rooms, grunt_temple_overflow_open, uniq_prince_ribbit1,
          uniq_harold
D:8:      layout_cave_pools, okawaru_gym_becter, dk_rats_in_the_wall,
          uniq_joseph
Temple:   regret_index_temple_sphere_string

Skill      XL: |  1  2  3  4  5  6  7  8  9 10 |
---------------+-------------------------------+-----
Stealth        | 6 |  6.0
Dodging        | 2 3 4 5 |  5.0
Invocations    | 1 2 3 5 7 8 9 10 | 10.0
Evocations     | 5 7 |  7.0
Fighting       | 3 5 |  5.0
Polearms       | 3 |  3.5
Short Blades   | |  2.1
Throwing       | |  1.5

Action                   |  1- 3 |  4- 6 |  7- 9 | 10-12 || total
-------------------------+-------+-------+-------+-------++-------
Melee: Dagger            |   126 |    64 |    49 |       ||   239
       Bite              |    13 |    19 |    46 |     9 ||    87
       Punch             |     1 |     1 |     8 |       ||    10
       Short sword       |       |    48 |   352 |    12 ||   412
       Demon trident     |       |       |       |    57 ||    57
Throw: Dart              |       |     7 |       |       ||     7
Invok: Draw Destruction  |       |       |     8 |       ||     8
       Draw Escape       |       |       |     1 |     1 ||     2
       Deal Four         |       |       |       |     2 ||     2
  Use: Scroll            |       |    11 |     5 |     3 ||    19
       Potion            |       |       |       |     2 ||     2
 Stab: Sleeping          |     7 |     8 |     6 |       ||    21
       Distracted        |     1 |       |       |       ||     1
Armor: Leather armour    |    27 |    57 |   183 |    20 ||   287
       Robe              |     1 |       |       |       ||     1
Dodge: Dodged            |    72 |    96 |   352 |    61 ||   581
